cohdb
Replays
Latest Replays
All Replays
Popular Replays
Top Player Replays
Match Explorer
How It Works
Community
CoH3 Stats
Reddit
Sign in to upload your games and track your stats! →
Sign in with Steam
Match 44358117
Unlisted
Match 44358117
Overview
Messages
Build Orders
End
Kradschützen Motorcycle Team
Panzergrenadier Squad
Panzergrenadier Squad
Construct Light Support Kompanie
MG34 Team
Assault Grenadier Squad
2.5-tonne Medical Truck
Fire Support Elements
le.IG 18 Support Gun Team
Construct Panzerarmee Kommand
Assault Grenadier Squad
Panzer III L Medium Tank
Walking Stuka Rocket Launcher
Panzerjäger Squad
Walking Stuka Rocket Launcher
Pak 38 Anti-tank Gun Team
Panzer III L Medium Tank
Rapid Advance
Advanced Field Repairs
Tungsten Core Ammunition
Enriquexs(CHI)
robwarrior
0
0
Comments
sign in to comment!
No comments posted yet!